 Dungeon Crawl Stone Soup version 0.28.0-53-g5a82cb258f (webtiles) character file.

Game seed: 18298923034314272114

44 Ashen the Ogre Mage (level 3, 0/33 HPs)
             Began as an Ogre Fire Elementalist on June 18, 2022.
             Succumbed to an adder's poison
             ... on level 3 of the Dungeon.
             The game lasted 00:03:39 (1532 turns).

Ashen the Ogre Mage (Ogre Fire Elementalist)        Turns: 1532, Time: 00:03:39

Health: 0/33       AC:  3    Str: 12    XL:     3   Next: 62%
Magic:  1/7        EV: 10    Int: 18    God:
Gold:   86         SH:  0    Dex:  9    Spells: 2/8 levels left

rFire   . . .      SeeInvis .   b - staff of conjuration
rCold   . . .      Faith    .   (no shield)
rNeg    . . .      Spirit   .   a - +0 robe
rPois   .          Reflect  .   (helmet restricted)
rElec   .          Harm     .   (no cloak)
rCorr   .          Rampage  .   (gloves unavailable)
Will    .....                   (boots unavailable)
Stlth   ++........              (no amulet)
HPRegen 0.11/turn               (no ring)
MPRegen 0.10/turn               (no ring)

@: lethally poisoned (0 -> -3)
A: large, unfitting armour, tough skin 1
a: no special abilities


You were on level 3 of the Dungeon.
You visited 1 branch of the dungeon, and saw 3 of its levels.

You collected 86 gold pieces.

Inventory:

Hand Weapons
 h - a +0 whip
Armour
 a - a +0 robe (worn)
Magical Staves
 b - a staff of conjuration (weapon)
Scrolls
 c - 2 scrolls of identify {unknown}
 e - a scroll of fear {unknown}
 f - a scroll of silence {unknown}
 g - a scroll of torment {unknown}
 i - 2 scrolls of immolation {unknown}
Potions
 d - a potion of cancellation {unknown}


   Skills:
 + Level 1.2 Fighting
 + Level 2.0 Dodging
 + Level 1.7 Stealth
 * Level 3.2 Spellcasting
 + Level 1.2 Conjurations
 + Level 2.9 Fire Magic


You had 2 spell levels left.
You knew the following spells:

 Your Spells              Type           Power      Damage    Failure   Level
a - Foxfire               Conj/Fire      60%        2x1d7     7%          1
b - Scorch                Fire           26%        2d6       8%          2
c - Inner Flame           Hex/Fire       8%         N/A       26%         3

Your spell library contained the following spells:

 Spells                   Type           Power      Damage    Failure   Level
 Animate Skeleton         Necr           4%         N/A       16%         1
 Apportation              Tloc           4%         N/A       16%         1
 Summon Small Mammal      Summ           8%         N/A       16%         1
 Conjure Flame            Conj/Fire      15%        6-21      21%         3
 Flame Wave               Conj/Fire      15%        2d6       56%         4


Dungeon Overview and Level Annotations

Branches:
Dungeon (3/15)

Altars:
Makhleb

Annotations:
D:3 2 transporters, xtzero's ghost, amateur HOFi


Innate Abilities, Weirdness & Mutations

You are too large for most types of armour.
You have tough skin. (AC +1)


Message History

Xtzero's ghost whispers, "They're coming for you..."
Casting: Foxfire (safe; 7% risk of failure)
Confirm with . or Enter, or press ? or * to list all spells.
You feel a surge of power!
You miscast Foxfire.
Nothing appears to happen.
The foxfire hits the orc wizard but does no damage.
The foxfire hits the orc wizard.
The orc wizard is moderately wounded.
The foxfire hits the orc wizard but does no damage.
The orc wizard is moderately wounded.
Casting: Foxfire (safe; 7% risk of failure)
Confirm with . or Enter, or press ? or * to list all spells.
You feel a surge of power!
You conjure some foxfire!
The orc wizard casts a spell at you. The magic dart hits you!
Casting: Foxfire (safe; 7% risk of failure)
Confirm with . or Enter, or press ? or * to list all spells.
You don't know that spell.
Unknown command.
The foxfire hits the orc wizard.
The orc wizard is heavily wounded.
The orc wizard points at you and mumbles some strange words.
The puff of flame hits you!
* * * LOW HITPOINT WARNING * * *
Found 15 gold pieces.
The orc wizard gestures at you while chanting.
The puff of flame hits you.
* * * LOW HITPOINT WARNING * * *
Found a stone staircase leading up.
An adder comes into view.
The adder hisses angrily.
The adder moves out of view.
Your magical contamination has completely faded away.
The adder bites you but does no damage. The adder bites you.
* * * LOW HITPOINT WARNING * * *
You are lethally poisoned!
The adder poisons you!
* * * LOW HITPOINT WARNING * * *
You feel sick.
Found a stone staircase leading down.
You die...

. ... #> #.#
.###.# ... ...
.....# #..#.#..#.#
.....#
.##...##..##.< ..#
.##...##..#.. #.#
#..#.#..#W#.# ##@#
....$(..OO#.###..#
###########...S..#
...©.©...o.......#
........o........#
...)..#####......#
#..##.v.......$..#
.#.########......#
....### #........


You could see an adder.

Vanquished Creatures
  An adder (D:2)
  A dart slug (D:1)
  An orc (D:3)
  A ball python (D:2)
  2 giant cockroaches
  5 goblins
  4 hobgoblins
  3 quokkas
  5 bats
  2 frilled lizards
  4 kobolds
  A rat (D:2)
30 creatures vanquished.

Vanquished Creatures (others)
  71 foxfires
71 creatures vanquished.

Grand Total: 101 creatures vanquished

Notes
Turn   | Place    | Note
-------+----------+-------------------------------------------
     0 | D:1      | Ashen the Ogre Fire Elementalist began the quest for the
                  | Orb.
     0 | D:1      | Reached XP level 1. HP: 16/16 MP: 3/3
   149 | D:1      | Reached skill level 1 in Conjurations
   244 | D:1      | Reached XP level 2. HP: 26/26 MP: 3/5
   577 | D:1      | Found a faded altar of an unknown god.
   598 | D:1      | Reached skill level 3 in Spellcasting
   797 | D:2      | Reached skill level 1 in Fighting
   816 | D:2      | Reached XP level 3. HP: 33/33 MP: 5/7
  1076 | D:2      | Learned a level 2 spell: Scorch
  1080 | D:2      | Learned a level 3 spell: Inner Flame
  1376 | D:2      | Found a burning altar of Makhleb.
  1495 | D:3      | Found a transporter.
  1498 | D:3      | Noticed an ogre
  1498 | D:3      | Noticed xtzero's ghost (amateur HOFi)
  1500 | D:3      | Noticed an ogre
  1501 | D:3      | Found a transporter.
  1531 | D:3      | HP: 1/33 [poisoned by an adder]
  1532 | D:3      | Succumbed to an adder's poison

Illustrated notes

Levels and vault maps discovered:
D:1:      minmay_arrival_open_corners, layout_rooms,
          hellmonk_ecumenical_altar_crossroads
D:2:      minmay_chambers_of_ones, layout_basic, basic_altar,
          amcnicky_mini_rare_corridor_liquid
D:3:      layout_rooms, mainiacjoe_overflow_catwalk, gammafunk_ghost_smash

Skill      XL: |  1  2  3 |
---------------+----------+-----
Conjurations   | 1 |  1.2
Spellcasting   | 3 |  3.2
Fighting       | 1 |  1.2
Dodging        | 2 |  2.0
Stealth        | |  1.7
Fire Magic     | |  2.9

Action                   || total
-------------------------++-------
Melee: Staff             ||    27
       Punch             ||     1
 Cast: Foxfire           ||    44
 Stab: Sleeping          ||     1
Armor: Robe              ||    18
Dodge: Dodged            ||    17
